 Dungeon Crawl Stone Soup version 0.16-a0-3329-g1e0feaa (webtiles) character file.

39 Minkie the Sneak (level 3, -3/24 HPs)
             Began as a Vampire Enchanter on Dec 27, 2014.
             Killed by nerve-wracking pain
             ... invoked by Jessica
              (5 damage)
             ... on level 1 of the Dungeon.
             The game lasted 00:03:51 (1083 turns).

Minkie the Sneak (Vampire Enchanter)                Turns: 1083, Time: 00:03:51

Health: -3/24      AC:  3    Str:  7    XL:     3   Next: 26%
Magic:  1/6        EV: 12    Int: 18    God:
Gold:   41         SH:  0    Dex: 14    Spells: 2 memorised, 3 levels left

rFire  . . .     SeeInvis +     a - +1 dagger
rCold  + . .     Clarity  .     b - +1 robe
rNeg   + + .     SustAb   .     (no shield)
rPois  +         Gourm    .     (no helmet)
rElec  .         Spirit   .     (no cloak)
rCorr  .         Warding  .     (no gloves)
rMut   .         Stasis   .     (no boots)
MR     .....                    (no amulet)
Stlth  +++.......               (no ring)
                                (no ring)

@: very slightly contaminated, regenerating slowly, slowed, very slow, not
resistant to hostile enchantments, fairly stealthy
A: bottle blood, fangs 3, see invisible, unbreathing
a: Bat Form


You were on level 1 of the Dungeon.
You were thirsty.

You visited 1 branch of the dungeon, and saw 2 of its levels.

You collected 41 gold pieces.

Inventory:

Hand weapons
 a - a +1 dagger (weapon)
Armour
 b - a +1 robe (worn)
Scrolls
 f - a scroll of magic mapping {unknown}
Potions
 d - a potion of blood
 e - a potion of agility {unknown}
Books
 c - a book of Maledictions

   Spells                             Type                      Level
   a - Corona                         Hexes                        1
   b - Sure Blade                     Hexes/Charms                 2
   c - Ensorcelled Hibernation        Hexes/Ice                    2
   d - Confuse                        Hexes                        3
   e - Dazzling Spray                 Conjuration/Hexes            3
   f - Enslavement                    Hexes                        4


   Skills:
 * Level 2.7 Short Blades
 - Level 2.1 Dodging
 + Level 5.0 Stealth
 - Level 2.0 Spellcasting
 + Level 4.8 Hexes


You had 3 spell levels left.
You knew the following spells:

 Your Spells              Type           Power        Failure   Level  Hunger
a - Corona                Hex            ###....      2%          1    #......
b - Ensorcelled Hibernat  Hex/Ice        ##....       12%         2    ###....


Dungeon Overview and Level Annotations

Branches:
Dungeon (2/15)

Altars:

Annotations:
D:1 Jessica


Innate Abilities, Weirdness & Mutations

You heal slowly.
You can bottle blood from corpses.
You have razor-sharp teeth.
You have supernaturally acute eyesight.
You can survive without breathing.


Message History

Press: ? - help, Shift-Dir - straight line, f - Jessica
Aim: Jessica, wearing a robe (fast, chance 50%)
You miscast Ensorcelled Hibernation.
You are very lightly contaminated with residual magic.
Your hands feel numb with cold.
Jessica misses you. The gnoll hits you. Jessica barely misses you.
The gnoll hits you.
Casting: Ensorcelled Hibernation
Confirm with . or Enter, or press ? or * to list all spells.
Aiming: Ensorcelled Hibernation
Press: ? - help, Shift-Dir - straight line, f/p - Jessica
Aim: Jessica, wearing a robe (fast, chance 50%) Jessica resists with some effort.
Jessica points at you and mumbles some strange words.
Pain shoots through your body!
* * * LOW HITPOINT WARNING * * *
Jessica casts a spell at you. You resist with some effort.
The gnoll closely misses you. Jessica gestures at you while chanting.
Pain shoots through your body!
You die...

.#####.# .#####.#
.......# .#######
.######## ........#
..#####.##########
..###...##..(...g#
..##.###.#.#####@# ..##.#
#......##@####
..##.###.#.##..(....####
#.......##.#####.......##
####.#####.#####........#
# #.# #........#.##..#
####.# #).......#..#..#
.....# ###........##.#..#
##..####.#...(..........#


You could see a gnoll and Jessica.

Vanquished Creatures
  2 adders (D:2)
  2 giant geckos (D:1)
  4 goblins (D:1)
  A hobgoblin (D:1)
  6 kobolds
  3 bats
  A giant newt (D:1)
  2 rats (D:1)
21 creatures vanquished.

Notes
Turn   | Place    | Note
--------------------------------------------------------------
     0 | D:1      | Minkie, the Vampire Enchanter, began the quest for the Orb.
     0 | D:1      | Reached XP level 1. HP: 13/13 MP: 3/3
   385 | D:1      | Reached XP level 2. HP: 11/19 MP: 4/4
   389 | D:1      | Learned a level 2 spell: Ensorcelled Hibernation
   993 | D:2      | Reached XP level 3. HP: 24/24 MP: 3/6
  1052 | D:2      | Noticed Jessica
  1072 | D:2      | Reached skill level 5 in Stealth
  1083 | D:1      | Killed from afar by Jessica

Action                   || total
-------------------------++-------
Melee: Dagger            ||    63
 Cast: Ensorcelled Hiber ||     4
 Stab: Sleeping          ||     5
